 Dungeon Crawl Stone Soup version 0.30-a0-373-gd37427bb62 (webtiles) character file.

Game seed: 2394582746391824806

205 sanka the Chopper (level 5, 0/38 HPs)
             Began as a Demonspawn Reaver on Nov 23, 2022.
             Slain by a phantom (3 damage)
             ... on level 4 of the Dungeon.
             The game lasted 00:04:59 (2357 turns).

sanka the Chopper (Demonspawn Reaver)               Turns: 2357, Time: 00:05:00

Health: 0/38       AC: 14    Str: 15    XL:     5   Next: 53%
Magic:  8/8        EV:  6    Int: 14    God:
Gold:   115        SH:  4    Dex: 11    Spells: 7/8 levels left

rFire   . . .      SeeInvis .    a - +0 hand axe
rCold   . . .      Faith    .    (no shield)
rNeg    . . .      Spirit   .    h - +0 chain mail
rPois   .          Reflect  .    n - +1 helmet
rElec   .          Harm     .    (no cloak)
rCorr   .          Rampage  .    (no gloves)
Will    .....                    f - +0 pair of boots
Stlth   ..........               (no amulet)
HPRegen 0.26/turn                (no ring)
MPRegen 0.11/turn                u - ring of wizardry

@: brilliant
A: molten scales 2, condensation shield
a: no special abilities


You were on level 4 of the Dungeon.
You visited 1 branch of the dungeon, and saw 4 of its levels.

You collected 115 gold pieces.


Innate Abilities, Weirdness & Mutations

You are mostly covered in molten scales. (AC +3)
A meltable shield of frost defends you. (SH +4)


   Skills:
 - Level 2.0 Fighting
 + Level 5.7 Axes
 - Level 1.7 Dodging
 - Level 2.0 Spellcasting
 - Level 3.0 Conjurations


You had 7 spell levels left.
You knew the following spells:

 Your Spells              Type           Power      Damage    Failure   Level
y - Kiss of Death         Conj/Necr      32%        2d7       75%         1

Your spell library contained the following spells:

 Spells                   Type           Power      Damage    Failure   Level
 Momentum Strike          Conj/Tloc      16%        3d8       86%         2
 Hailstorm                Conj/Ice       8%         3d4       98%         3

Inventory:

Hand Weapons
 a - a +0 hand axe (weapon)
 b - a +0 longbow
Armour
 f - a +0 pair of boots (worn)
 h - a +0 chain mail (worn)
 m - a +0 leather armour
 n - a +1 helmet (worn)
 p - the +1 Delatra's gloves {ID++}

   It heals its wearer when they drink unknown potions.
   It restores its wearer's MP when they read unknown scrolls.
Magical Staves
 k - a staff of air
Jewellery
 u - a ring of wizardry (right hand)
Wands
 x - a wand of flame (3)
Scrolls
 d - a scroll of vulnerability {unknown}
 e - a scroll of acquirement {unknown}
 i - 2 scrolls of enchant weapon {unknown}
 j - 2 scrolls of magic mapping {unknown}
 l - a scroll of poison {unknown}
 o - a scroll of immolation {unknown}
 q - 2 scrolls of identify {unknown}
 r - 3 scrolls of fear {unknown}
 t - a scroll of noise {unknown}
 v - a scroll of amnesia {unknown}
Potions
 c - 5 potions of brilliance
 g - a potion of lignification {unknown}
 s - 4 potions of curing {unknown}
 w - a potion of resistance {unknown}

Dungeon Overview and Level Annotations

Branches:
Dungeon (4/15)
 Temple: D:4-7

Altars:

Shops:
D:1

! ... ▒ ▒........▒ ..
.▒▒▒▒....£.... ▒.▒▒.
▒.†........▒
▒...▒.....†#▒........▒
▒▒▒(..▒..▒.▒▒▒▒......[.▒
▒........▒ ▒▒▒........▒
▒.▒...▒▒B▒ ▒.........▒▒
▒.▒...▒▒.▒ ▒..roW....▒
▒.▒...▒▒.▒ ▒#.h6.....▒
..▒#..▒▒.▒............▒
....▒ ▒.▒▒▒▒.....?...▒
▒.......>. ...........▒
.......▒▒▒▒▒▒......)..▒
...▒▒▒.▒ ▒▒▒▒▒▒▒▒▒▒▒
...▒ ▒ ...▒ ....


You could see a phantom, a hound, an orc and a quokka.


Message History

Unknown command.
You hit the phantom but do no damage.
The phantom is moderately damaged.
You closely miss the quokka. The quokka bites you.
* * * LOW HITPOINT WARNING * * *
The phantom hits you but does no damage.
Unknown command.
You hit the phantom.
The phantom is moderately damaged.
You hit the quokka but do no damage. The quokka barely misses you.
The phantom hits you.
* * * LOW HITPOINT WARNING * * *
The phantom blinks!
You blink.
You hit the phantom.
The phantom is heavily damaged.
You barely miss the quokka. You hit the hound.
The hound bites you but does no damage. The phantom barely misses you.
The quokka bites you but does no damage.
Unknown command.
It was a potion of brilliance.
You feel clever all of a sudden. The hound closely misses you.
The orc hits you but does no damage. The phantom hits you.
You die...

Action                   |  1- 3 |  4- 6 || total
-------------------------+-------+-------++-------
Melee: Hand axe          |   140 |   131 ||   271
 Fire: Longbow           |     9 |     2 ||    11
  Use: Potion            |       |     1 ||     1
Armor: Leather armour    |    25 |       ||    25
       Chain mail        |    46 |    89 ||   135
Dodge: Dodged            |    73 |    36 ||   109
Block: Other             |    16 |    32 ||    48

Levels and vault maps discovered:
D:1:      elethiomel_arrival_infinity_welcomes_careful_drivers, layout_rooms,
          serial_aquarium, aquarium_bridge_square [aquarium_subvault_bridge,
          aquarium_subvault_bridge, aquarium_subvault_wall,
          aquarium_subvault_wall], aquarium_window_2, aquarium_window_1,
          aquarium_view_2f, aquarium_view_2f, aquarium_balcony_3b,
          aquarium_pool_double, serial_shops, shop,
          hangedman_decor_clover_reticule, minmay_hexomino_f4
D:2:      layout_rooms
D:3:      layout_basic, nrook_campfire
D:4:      layout_basic, grunt_gozag_statues,
          chequers_temple_overflow_statue_of_worship

Notes
Turn   | Place    | Note
-------+----------+-------------------------------------------
     0 | D:1      | sanka the Demonspawn Reaver began the quest for the Orb.
     0 | D:1      | Reached XP level 1. HP: 16/16 MP: 3/3
    76 | D:1      | Reached skill level 3 in Axes
    87 | D:1      | Found Ogikk's Distillery.
   125 | D:1      | Gained mutation: A meltable shield of frost defends you.
                  | (SH +4) [demonic ancestry]
   125 | D:1      | Reached XP level 2. HP: 18/22 MP: 5/5
   581 | D:1      | Gained mutation: You are partially covered in molten
                  | scales. (AC +2) [demonic ancestry]
   581 | D:1      | Reached XP level 3. HP: 19/27 MP: 6/6
  1067 | D:2      | Reached skill level 4 in Axes
  1566 | D:3      | Found the +1 Delatra's gloves {ID++}
  1575 | D:3      | Gained mutation: You are mostly covered in molten scales.
                  | (AC +3) [demonic ancestry]
  1575 | D:3      | Reached XP level 4. HP: 33/33 MP: 7/7
  1866 | D:3      | Noticed a scorpion
  1893 | D:3      | Killed a scorpion
  1894 | D:3      | Reached skill level 5 in Axes
  1894 | D:3      | Reached XP level 5. HP: 9/38 MP: 8/8
  2323 | D:4      | Noticed a phantom
  2355 | D:4      | HP: 3/38 [phantom (5)]
  2357 | D:4      | Slain by a phantom

Vanquished Creatures
  A scorpion (D:3)
  A hound (D:4)
  6 adders
  A worm (D:2)
  3 dart slugs
  2 orcs
  5 ball pythons
  3 endoplasms
  4 giant cockroaches
  3 goblins
  4 hobgoblins
  4 jackals (D:1)
  5 kobolds
  3 quokkas
  4 bats
  3 frilled lizards
  6 rats
58 creatures vanquished.
